 Dungeon Crawl Stone Soup version 0.19-a0-895-gdbd5520 (webtiles) character file.

31 Cheibrodos the Vandal (level 3, 0/23 HPs)
             Began as an Octopode Arcane Marksman on July 5, 2016.
             Succumbed to a kobold's poison
             ... on level 2 of the Dungeon.
             The game lasted 00:05:55 (1348 turns).

Cheibrodos the Vandal (Octopode Arcane Marksman)    Turns: 1348, Time: 00:05:56

Health: 0/23       AC:  1    Str: 10    XL:     3   Next: 22%
Magic:  8/13       EV: 12    Int: 16    God:
Gold:   78         SH:  0    Dex: 11    Spells: 2 memorised, 1 level left

rFire  . . .     SeeInvis .     k - -2 hand axe (curse)
rCold  . . .     Gourm    .     (no shield)
rNeg   . . .     Faith    .     (helmet restricted)
rPois  .         Spirit   .     (no amulet)
rElec  .         Dismiss  .     Z - ring of wizardry
rCorr  .         Reflect  .     W - ring of magical power
SustAt .         Harm     .     (no ring)
MR     .....                    (no ring)
Stlth  ++........               (no ring)
                                (no ring)
                                (no ring)
                                (no ring)

@: lethally poisoned (0 -> -18), not resistant to hostile enchantments,
unstealthy
A: almost no armour, amphibious, 8 rings, constrict 8, camouflage 1, gelatinous
body 1
a: no special abilities


You were on level 2 of the Dungeon.
You were not hungry.

You visited 1 branch of the dungeon, and saw 2 of its levels.

You collected 78 gold pieces.


Innate Abilities, Weirdness & Mutations

You cannot wear most types of armour.
You are amphibious.
You can wear up to eight rings at the same time.
You can use your tentacles to constrict eight enemies at once.
Your skin changes colour to match your surroundings (Stealth+).
Your rubbery body absorbs attacks. (AC +1)


   Skills:
 - Level 1.0 Fighting
 + Level 3.5 Slings
 - Level 2.0 Dodging
 - Level 1.0 Spellcasting
 - Level 3.0 Hexes


You had one spell level left.
You knew the following spells:

 Your Spells              Type           Power        Failure   Level  Hunger
a - Corona                Hex            ##.....      4%          1    ##.....
b - Slow                  Hex            ##......     4%          2    ###....

Inventory:

Hand Weapons
 a - a +0 hunting sling
 b - a +0 short sword
 h - a +3 dagger
 k - a cursed -2 hand axe (weapon)
 m - a cursed -1 dagger
Missiles
 c - 40 sling bullets
 i - 50 stones (quivered)
Jewellery
 W - a ring of magical power (right tentacle)
 Z - a ring of wizardry (left tentacle)
Scrolls
 j - a scroll of amnesia
Books
 e - a book of Debilitation

   Spells                             Type                      Level
   a - Corona                         Hexes                        1
   b - Slow                           Hexes                        2
   c - Gell's Gravitas                Hexes/Translocation          3
   d - Inner Flame                    Hexes/Fire                   3
   e - Cause Fear                     Hexes                        4
   f - Leda's Liquefaction            Hexes/Earth                  4
Comestibles
 d - 2 bread rations {@e1}
 f - a beef jerky {@e2}
 n - a meat ration {@e1}

# #. #.
##'#
##...##
##.....##
#.....@.#
#...r.....#
'.........+
#.......b.#
##.......##
##.....##
##...##
##+#


You could see a bat and a rat.


Message History

Unknown command.
Unknown command.
You hit the kobold.
You kill the kobold!
You feel very sick.
Unknown command.
You feel sick.
Things that are here:
a dagger of venom; a stone; a kobold corpse You aren't carrying any potions.
As you read the scroll labeled HANTOTI DEVEGG, it crumbles to dust.
You assume a fearsome visage.
Nothing appears to happen.
It was a scroll of fear.
You feel sick.
As you read the scroll of teleportation {@r4}, it crumbles to dust.
You feel strangely unstable.
* * * LOW HITPOINT WARNING * * *
You feel sick.
Unknown command.
* * * LOW HITPOINT WARNING * * *
You feel sick.
Your surroundings suddenly seem different.
* * * LOW HITPOINT WARNING * * *
You feel sick.
A bat and a rat come into view.
Throwing (i - inventory):
i - 51 stones (quivered)
Press: ? - help, Shift-Dir - straight line, f - bat
Aim: a bat (resting)
You throw a stone. The stone hits the bat.
The bat is severely wounded.
You die...

Action                   || total
-------------------------++-------
Melee: Unarmed           ||     5
       Constrict         ||    12
       Club              ||     3
       Tentacles         ||    11
       Hand axe          ||    33
       Short sword       ||     1
 Fire: Hunting sling     ||    11
Throw: Stone             ||     1
 Cast: Corona            ||    14
       Slow              ||     7
  Use: Scroll            ||     7
 Stab: Sleeping          ||     2
       Distracted        ||     1
  Eat: Chunk             ||     2
Armor: Skin              ||     5
Dodge: Dodged            ||    18

Vault maps used:
D:1:      shiori_arrival_oz
D:2:      first_bread

Notes
Turn   | Place    | Note
-------+----------+-------------------------------------------
     0 | D:1      | Cheibrodos the Octopode Arcane Marksman began the quest for the Orb.
     0 | D:1      | Reached XP level 1. HP: 13/13 MP: 2/2
   332 | D:1      | Reached XP level 2. HP: 16/18 MP: 3/3
   336 | D:1      | Learned a level 2 spell: Slow
   429 | D:1      | Reached skill level 3 in Slings
  1001 | D:2      | Reached XP level 3. HP: 23/23 MP: 4/4
  1347 | D:2      | HP: 1/23 [poisoned by a kobold]
  1348 | D:2      | Succumbed to a kobold's poison

Vanquished Creatures
  A giant gecko (D:1)
  3 bats
  A giant cockroach (D:1)
  5 goblins
  6 hobgoblins
  5 kobolds
  A quokka (D:2)
  2 ball pythons (D:1)
  2 giant newts
  2 rats (D:1)
28 creatures vanquished.
